Cogmind - Beta 15 @@@ ROGUE MODE // 2025.08.26 @ 10:50:31 Player: Zoe Result: Self-destructed Performance ------------- Evolutions (1) 500 Regions Visited (2) 400 Robots Destroyed (25) 125 Value Destroyed (554) 554 Prototype IDs (0) 0 Alien Tech Used (0) 0 Bonus (0) 0 TOTAL SCORE: 1579 Bonus ------- None Cogmind --------- Core Integrity 217/400 Matter 300/300 Energy 250/250 System Corruption 0% Temperature Cool (0) Movement Treading (240) Ox1 Location -9/Materials Parts ------- > --- POWER (1) -------- Ion Engine > --- PROPULSION (2) --- Light Treads > --- UTILITY (4) ------ Large Storage Unit Hardened Light Armor Plating > --- WEAPON (2) ------- Flail Flail > --- INVENTORY (15) --- Light Ion Engine Light Treads Aluminum Leg Aluminum Leg Autogun Autogun Autogun Light Cannon Grenade Launcher Mining Laser Peak State ------------ > --- POWER ------------ Ion Engine > --- PROPULSION ------- Light Treads Light Treads > --- UTILITY ---------- Large Storage Unit Hardened Light Armor Plating Hardened Light Armor Plating Hardened Light Armor Plating > --- WEAPON ----------- Autogun Light Cannon > --- INVENTORY -------- Light Ion Engine Aluminum Leg Aluminum Leg Hardened Light Armor Plating Autogun Autogun Autogun Grenade Launcher Mining Laser Flail Flail [Rating: 14] Favorites ----------- Power Ion Engine Engine Ion Engine Propulsion Light Treads Treads Light Treads Utility Hardened Light Armor Plating Device Seismic Detector Storage Large Storage Unit Protection Hardened Light Armor Plating Weapon Light Assault Rifle Ballistic Gun Light Assault Rifle Ballistic Cannon Light Cannon Impact Weapon Flail Build | -11 -10 -9 ------- Run | Yrd Mat Mat Slots Evolved 2 | . . 2 Power . | . . . Propulsion . | . . . Utility 2 | . . 2 Weapon . | . . . Parts Attached 18 | 7 4 7 Power 1 | 1 . . Engine 1 | 1 . . Core . | . . . Reactor . | . . . Propulsion 3 | 2 . 1 Treads 3 | 2 . 1 Leg . | . . . Wheel . | . . . Hover . | . . . Flight . | . . . Utility 7 | 2 2 3 Device 1 | 1 . . Storage 2 | 1 1 . Processor . | . . . Hackware . | . . . Protection 4 | . 1 3 Artifact . | . . . Weapon 7 | 2 2 3 Energy Gun . | . . . Energy Cannon . | . . . Ballistic Gun 4 | 2 1 1 Ballistic Cannon 1 | . 1 . Launcher . | . . . Special Weapon . | . . . Impact Weapon 2 | . . 2 Slashing Weapon . | . . . Piercing Weapon . | . . . Special Melee Weapon . | . . . Unidentified Prototypes . | . . . Parts Lost 6 | . 1 5 Power . | . . . Propulsion 1 | . . 1 Utility 4 | . 1 3 Weapon 1 | . . 1 Highest Loss Streak 3 | . 1 3 To Critical Strikes . | . . . Average Backups 7 | 1 8 11 Power . | . 1 1 Propulsion 1 | . 2 2 Utility . | . . . Weapon 4 | . 5 6 Tool/Special . | . . . Unused Backups 7 | . . 7 Power 1 | . . 1 Propulsion 2 | . . 2 Utility . | . . . Weapon 4 | . . 4 Tool/Special . | . . . Average Slot Usage (%) 95 | . 98 93 Engine 12 | . 14 11 Treads 23 | . 28 21 Device 3 | . 10 . Storage 12 | . 14 11 Protection 18 | . 2 28 Ballistic Gun 11 | . 17 8 Ballistic Cannon 9 | . 10 9 Impact Weapon 2 | . . 3 Peak Build Rating 14 | 7 11 14 Average Rating 10 | 6 8 13 On Entrance 6 | . 7 11 Naked Turns . | . . . Heaviest Build 46 | 13 36 46 Greatest Support 40 | 40 40 40 Greatest Overweight (x) 2 | . . 2 Average Overweight (x) . | . . . Largest Inventory Capacity 15 | 8 15 15 Average Capacity 12 | 7 13 15 Most Carried 13 | 4 13 13 Average Carried 7 | 1 9 11 Final Capacity 15 | 8 15 15 Final Carried 13 | 4 13 10 Class Distribution -------------------- 100% | Mutant Dominant Class ---------------- Mutant | -10/Materials Mutant | -9/Materials Resources | -11 -10 -9 ----------- Run | Yrd Mat Mat Matter Collected 778 | 316 85 377 Remotely . | . . . Salvage Created 794 | 244 125 425 Parts 52 | 30 4 18 Haulers Intercepted 3 | . 1 2 Recyclers Shooed 2 | 2 . . Parts Field Recycled . | . . . Retrieved Matter . | . . . Parts Self-Destructed . | . . . Prevented . | . . . Kills | -11 -10 -9 ------- Run | Yrd Mat Mat Combat Hostiles Destroyed 12 | . 2 10 Melee 2 | . . 2 Guns 5 | . 1 4 Cannons 3 | . 1 2 Classes Destroyed 6 | 2 2 2 Tunneler 8 | 8 . . Hauler 3 | . 1 2 Recycler 1 | 1 . . Operator 1 | . . 1 Grunt 10 | . 2 8 Sentry 2 | . . 2 Best Kill Streak 3 | 3 3 3 Combat Bots Only 2 | . 2 2 Max Kills in Single Turn 1 | 1 1 1 Gunslinging . | . . . Exploded . | . . . Melee 1 | . . 1 Uniques/NPCs Destroyed . | . . . Combat | -11 -10 -9 -------- Run | Yrd Mat Mat Hostile Shots Fired 132 | . 7 125 Missed 30 | . 1 29 Hits 102 | . 6 96 Projectile 102 | . 6 96 Critical Strikes 4 | . . 4 Damage Taken 1268 | . 66 1202 Core 193 | . 10 183 Absorbed by Shields . | . . . Core Remaining (%) 98 | 100 96 . Volleys Fired 72 | 29 6 37 Largest 2 | 2 2 2 Hottest 53 | 40 53 53 Shots Fired 143 | 58 12 73 Gun 100 | 58 6 36 Cannon 43 | . 6 37 Launcher . | . . . Special . | . . . Kinetic 143 | 58 12 73 Thermal . | . . . Explosive . | . . . Electromagnetic . | . . . Robot Hit Streak 13 | 13 4 8 Robot Miss Streak 3 | 3 2 2 Penetration Max . | . . . Secondary Targets . | . . . Shots Hit Robots 107 | 40 8 59 Core Hits 34 | 16 4 14 Critical Kills 1 | 1 . . Critical Parts Destroyed 3 | 1 . 2 Critical Strikes 4 | 2 . 2 Destroy 3 | 2 . 1 Smash 1 | . . 1 Melee Attacks 18 | . . 18 Impact 18 | . . 18 Slashing . | . . . Piercing . | . . . Sneak Attacks . | . . . Combat Hostiles . | . . . Follow-up Attacks 2 | . . 2 Damage Inflicted 1641 | 324 136 1181 Guns 732 | 324 60 348 Cannons 493 | . 76 417 Explosions . | . . . Melee 416 | . . 416 Ramming . | . . . Kinetic 1225 | 324 136 765 Thermal . | . . . Explosive . | . . . Electromagnetic . | . . . Impact 416 | . . 416 Slashing . | . . . Piercing . | . . . Highest Corruption . | . . . Average Corruption . | . . . Corruption Purged . | . . . Corruption Blocked . | . . . Overload Shots . | . . . Overflow Damage 84 | . . 84 Projectiles . | . . . Explosions . | . . . Melee 84 | . . 84 Knockbacks 2 | . . 2 Impact . | . . . Kinetic 2 | . . 2 Secondary . | . . . Self-Inflicted Damage . | . . . Shots . | . . . Rammed . | . . . Targets Rammed . | . . . Kicked . | . . . Crushed . | . . . Highest Temperature 513 | . 32 513 Average Temperature 156 | . 18 164 Received Heat Transfer 681 | . 36 645 Effects 14 | . . 14 Shutdowns 2 | . . 2 Energy Bleed 3 | . . 3 Interference 1 | . . 1 Short Circuit 1 | . . 1 Damage (minor) 2 | . . 2 Damage (major) 5 | . . 5 Siege Activations . | . . . Martial Activations . | . . . Shielding Activations . | . . . Robots Disrupted . | . . . Combat Hostiles . | . . . Robots Corrupted 2 | . . 2 Combat Hostiles 2 | . . 2 Parts Fried 3 | . . 3 Impact Corruptions 7 | . . 7 Robots Melted . | . . . Combat Hostiles . | . . . Parts Melted . | . . . Heat Transferred . | . . . Parts Sabotaged . | . . . Parts Stolen . | . . . Parts Stripped . | . . . Power Chain Reactions . | . . . Alert | -11 -10 -9 ------- Run | Yrd Mat Mat Maximum Alert Level . | . . . Low Security (%) 100 | 100 100 100 Level 1 . | . . . Level 2 . | . . . Level 3 . | . . . Level 4 . | . . . Level 5 . | . . . High Security . | . . . Max Security . | . . . Peak Influence 74 | 5 43 74 Initial 1 | . . 1 Average 13 | 1 8 24 Influence Increases 443 | 45 90 308 Destroy 0b10 Robot/C 240 | . 40 200 Destroy 0b10 Robot/NC 65 | 45 5 15 Destroy Leader 46 | . 2 44 Successful Hack 31 | . 28 3 Disable Machine 60 | . 15 45 Destroy Structure 1 | . . 1 Influence Decreases 385 | 45 84 256 Entered New Map 5 | . . 5 Time Decay 320 | 45 74 201 Lost Part 60 | . 10 50 Squads Dispatched 2 | . . 2 Investigation 1 | . . 1 Extermination . | . . . Reinforcement 1 | . . 1 Assault . | . . . Garrison . | . . . Intercept . | . . . Searches Triggered . | . . . Construction Impeded . | . . . Haulers Reinforced . | . . . Active Scanning Responses . | . . . Cargo Convoy Interrupts . | . . . Stealth | -11 -10 -9 --------- Run | Yrd Mat Mat Distress Signals 2 | . . 2 Communications Jammed . | . . . Distress Signals . | . . . Times Spotted 18 | . 3 15 Peak Tracking Total 7 | . 2 7 Tactical Retreats . | . . . Traps | -11 -10 -9 ------- Run | Yrd Mat Mat Traps Triggered . | . . . Indirectly . | . . . Trap Hack Attempts . | . . . Triggered . | . . . Disarmed . | . . . Reprogrammed . | . . . Reused . | . . . Traps Extracted . | . . . Installed . | . . . Triggered . | . . . Objects Rigged 3 | . 3 . Machines | -11 -10 -9 ---------- Run | Yrd Mat Mat Machines Disabled 4 | . 1 3 Max in Single Turn 1 | . 1 1 Machines Repaired . | . . . Machines Dismantled . | . . . Machines Sabotaged . | . . . Overloaded Fab Kills . | . . . Hacking | -11 -10 -9 --------- Run | Yrd Mat Mat Machines Accessed 4 | . 3 1 Terminals 4 | . 3 1 Fabricators . | . . . Repair Stations . | . . . Recycling Units . | . . . Scanalyzers . | . . . Garrison Access . | . . . Total Hacks 20 | . 14 6 Successful 11 | . 8 3 Failed 9 | . 6 3 Catastrophic 1 | . . 1 Database Lockouts . | . . . Manual 15 | . 12 3 Terminals 20 | . 14 6 Fabricators . | . . . Repair Stations . | . . . Recycling Units . | . . . Scanalyzers . | . . . Garrison Access . | . . . Terminal Hacks 1 | . 1 . Robot Analysis 1 | . 1 . Fabricator Hacks . | . . . Repair Station Hacks . | . . . Recycling Unit Hacks . | . . . Scanalyzer . | . . . Garrison Access Hacks . | . . . Unauthorized Hacks 10 | . 7 3 Terminals 10 | . 7 3 Track 3 | . 2 1 Botnet 4 | . 3 1 Detonate 2 | . 1 1 Operators 1 | . 1 . Fabricators . | . . . Repair Stations . | . . . Recycling Units . | . . . Scanalyzers . | . . . Garrison Access . | . . . Data Cores Recovered . | . . . Used . | . . . Hacking Detections 3 | . 2 1 Full Trace Events 2 | . 1 1 Feedback Events . | . . . Feedback Blocked . | . . . Robot Schematics Acquired . | . . . Robots Built . | . . . Authchips . | . . . Time . | . . . Total Robot Build Rating . | . . . Part Schematics Acquired . | . . . Parts Built . | . . . Authchips . | . . . Time . | . . . Total Part Build Rating . | . . . Parts Repaired . | . . . Time . | . . . Parts Recycled . | . . . Recycled Matter . | . . . Retrieved Matter . | . . . Retrieved Components . | . . . Parts Scanalyzed . | . . . Part Schematics Acquired . | . . . Parts Damaged . | . . . Bothacking | -11 -10 -9 ------------ Run | Yrd Mat Mat Used RIF Installer . | . . . Robots Hacked . | . . . Non-combat . | . . . Combat . | . . . Robot Hacks Applied . | . . . Relay Couplers Released . | . . . Fabnet Peak Effective % . | . . . Robots Rewired . | . . . Allies Hacked . | . . . Hacks Repelled . | . . . Allies | -11 -10 -9 -------- Run | Yrd Mat Mat Total Allies . | . . . Largest Group . | . . . Highest-Rated Group . | . . . Highest-Rated Ally . | . . . Total Orders . | . . . Ally Attacks . | . . . Total Damage . | . . . Kills . | . . . Allies Corrupted . | . . . Allies Melted . | . . . Intel | -11 -10 -9 ------- Run | Yrd Mat Mat Active Infowar (turns) 623 | 355 268 . Seismic 623 | 355 268 . Robot Analysis Total 1 | . 1 . Derelict Logs Recovered . | . . . Drone Launches . | . . . Drone Recoveries . | . . . Exploration | -11 -10 -9 ------------- Run | Yrd Mat Mat Turns Passed 1449 | 415 381 653 Spaces Moved 633 | 206 216 211 Core 6 | 6 . . Treads 627 | 200 216 211 Legs . | . . . Wheels . | . . . Hover . | . . . Flight . | . . . Fastest Speed 50 | 50 160 160 Average Speed 181 | 156 160 226 Slowest Speed 320 | 160 160 320 Overloaded Moves . | . . . Propulsion Burnouts . | . . . Robots Hopped . | . . . Potential Cave-ins . | . . . Cave-ins Triggered . | . . . Exploration Rate (%) 28 | 14 37 33 Regions Visited 2 Branch Regions . Pre-discovered Areas . | . . . Known Exits Taken . | . . . Unknown Exits Taken 2 | 1 1 . Scrap Searched . | . . . Spaces Dug . | . . . Terrain Destroyed . | . . . Melee . | . . . Projectile . | . . . AOE . | . . . Terrain Rammed . | . . . Walls Destroyed . | . . . Machines Disabled . | . . . Actions | -11 -10 -9 --------- Run | Yrd Mat Mat Total 788 | 252 241 295 Wait 19 | . . 19 Move 631 | 205 215 211 Hop . | . . . Pick Up 25 | 11 13 1 Fast Attach . | . . . Attach 14 | 7 1 6 Detach 2 | . . 2 Swap 7 | . 3 4 Drop 3 | . 3 . Fire 72 | 29 6 37 Melee 15 | . . 15 Ram . | . . . Kick . | . . . Crush . | . . . Escape Stasis . | . . . Rewire . | . . . Trap . | . . . Miscellaneous . | . . . Route ------- -11/Scrapyard -10/Materials -9/Materials History --------- Turn | Location | Event 12 | -11/Scrapyard | Discovered new exit (range 15) 416 | -11/Scrapyard | Entered Materials 417 | -10/Materials | Build established: Mutant 715 | -10/Materials | Discovered new exit (range 15) 797 | -10/Materials | Entered another Materials area 797 | -9/Materials | Evolved 2 slots: Utility x2 1325 | -9/Materials | Lost 3 parts (2u1w) 1450 | -9/Materials | Self-destructed Last Messages --------------- 01389_ Lgt. Treads fried. 01389_ Hvy. Assault Rifle fried. 01389_ Y-45 Defender destroyed. 01394_ Flail follow-up attack on G-34 Mercenary. 01396_ Lgt. Treads destroyed. 01398_ G-34 Mercenary heat short circuits Aluminum Leg. 01401_ G-34 Mercenary heat damages Aluminum Leg. 01402_ Destroyed Aluminum Leg. 01402_ G-34 Mercenary system corrupted by crushing effect. 01402_ Sml. Laser fried. 01402_ G-34 Mercenary destroyed. 01402_ K-01 Serf collects debris. 01404_ Acquired 26 matter. 01405_ K-01 Serf collects debris. 01409_ Acquired 5 matter. 01412_ K-01 Serf collects debris. 01412_ Acquired 38 matter. 01415_ K-01 Serf collects debris. Map ----- +----------------------------------------------------+ | #??????????? | | #??????????? | | **! #??????????? | | *!! #??????????? | | *!!% #??????????? | | % " #??????????? | | ### = """ #??????????? | | ??######### """ #??????????? | | ??????????# """ #??????????? | | ???########/# "" #??????????? | | ???# # """ #??????????? | | ???#""" # "" #??????????? | | ???#""" # "" #??????????? | | ???#""" # " #??????????? | | ???# / #??????????? | | ???# # #??????????? | | ???# "" # +??????????? | | ???# S"" ########## #??????????? | | ???# "" #??#######k #??????????? | | ???##########??# #??????????? | | ???????????????# ##### #??????????? | | ???????????????# ????# #####??????? | | ???????????#####/##### !!#??????? | | ???????????# # !!#??????? | | ???????????# """"""" # [[#??????? | | ?????????????"""""" # @[[#??????? | | ?????????????"""""""%+= ==#??????? | | ??????????????"""""" #= ==#??????? | | ??????????????"""""" # #####??????? | | ???????????# # #???????? | | ???????????# / = # #???????? | | ???????????#############+####??????? | | ????????????????????# #??????? | | ????????????????????## !#??????? | | ?????????????????????# #??????? | | ?????????????????????# #??????? | | ?????????????????????# "Y" #??????? | | ?????????????????????# """ #??????? | | ?????????????????????########??????? | | ???????????????????????????????????? | | ???????????????????????????????????? | | ???????????????????????????????????? | | ???????????????????????????????????? | | ???????????????????????????????????? | | ???????????????????????????????????? | | | | | | | | | | | +----------------------------------------------------+ Best States ------------- Heat Dissipation 28 Energy Generation 10 Energy Capacity 250 Matter Stores 300 Matter Capacity 300 Sight Range 16 Terrain Scan Density 10 Armor Coverage 450 Evasion (%) 40 Recoil Reduction 2 Item Schematics ----------------- None Robot Schematics ------------------ None Fabricated ------------ Nothing Repaired ---------- Nothing Alien Tech Used ----------------- None Achievements -------------- None Challenges ------------ None Game ------ Seed BarrageSmartSword Manual? 0 Play Time 00:12:26 Cumulative 50.7 hours Start 2025.08.26 @ 10:38:22 End 2025.08.26 @ 10:50:31 Sessions 1 Manual Loads 0 Difficulty Rogue Special Mode None Game No. 108 Rogue 102 Adventurer 4 Explorer 2 Win Type - Total 0 Types 0/0/0/0/0/0/0/0/0/0 Lore% 30 Gallery% 31 Achievement% 32 Wizard Run 0 Options --------- Layout 1 ASCII 0 Keyboard 0 Movement Mouse Keybinds 0 Fullscreen 1 Font 24/Smallcaps Map View 50x35 Zoom Use 0% Tactical HUD 1 Map Filters NONE Filters NONE Steam 1 RUN: 8f488760-bc31-46d9-8ba6-674d18f9e9ff